 Dungeon Crawl Stone Soup version 0.31-a0-810-ga77100ea1a (webtiles) character file.

Game seed: 982966725140735220

3549 IdlyInterested the Cleaver (level 9, -1/67 HPs)
             Began as a Demonspawn Gladiator on Sept 21, 2023.
             Was a Follower of Trog.
             Succumbed to a water moccasin's poison
             ... on level 8 of the Dungeon.
             The game lasted 00:27:36 (6326 turns).

IdlyInterested the Cleaver (Demonspawn Gladiator)   Turns: 6326, Time: 00:27:37

Health: -1/67      AC:  4    Str: 24    XL:     9   Next: 83%
Magic:  1/18       EV: 13    Int: 10    God:    Trog [*.....]
Gold:   20         SH:  0    Dex: 18    Spells: 8/8 levels left

rFire   . . .        h - +6 executioner's axe "Huerat" {chaos, *Slow rN+ Dex+3 SInv}
rCold   . . .        (shield currently unavailable)
rNeg    + . .        l - +0 plate armour
rPois   .            c - +0 helmet
rElec   .            (cloak unavailable)
rCorr   .            J - +0 pair of gloves
SInv    +            (no boots)
Will    .....        v - amulet of guardian spirit Stlth
                     S - +6 ring of strength
HPRegen 0.31/turn    Q - ring of magical power
MPRegen 0.16/turn

%: slow self (1%), guardian spirit
@: agile, lethally poisoned (-1 -> -26), corroded, slowed, very slow
A: foul stench 1, powered by pain 1, sharp scales 2, weakness stinger 3
a: Renounce Religion, Berserk


You were on level 8 of the Dungeon.
You worshipped Trog.
Trog was aware of your devotion.
You visited 2 branches of the dungeon, and saw 9 of its levels.
You also visited: Sewer.

You collected 300 gold pieces.
You spent 280 gold pieces at shops.

Inventory:

Hand Weapons
 a - a +1 war axe
 h - the +6 executioner's axe "Huerat" (weapon) {chaos, *Slow rN+ Dex+3 SInv}
   (You acquired it on level 7 of the Dungeon)

   Dex+3:     It affects your dexterity (+3).
   rN+:       It protects you from negative energy.
   SInv:      It lets you see invisible.
   *Slow:     It may slow you when you take damage.
 p - a +1 whip of venom
 r - a +1 heavy war axe
 u - the +6 sling of Jesaavyph {speed, rN+++}
   (You found it on level 3 of the Dungeon)

   rN+++:     It renders you almost immune to negative energy.
 C - a +1 heavy spear
 G - a +3 battleaxe
 L - a +0 whip of electrocution
Missiles
 b - a curare-tipped dart
 d - 5 throwing nets
 e - 15 poisoned darts
 m - 62 stones (quivered)
 B - 6 javelins
 E - 3 boomerangs
Armour
 c - a +0 helmet (worn)
 i - the +1 ring mail "Liucu" {rPois rC- Str-5 Dex+7}
   (You found it on level 7 of the Dungeon)

   Str-5:     It affects your strength (-5).
   Dex+7:     It affects your dexterity (+7).
   rC-:       It makes you vulnerable to cold.
   rPois:     It protects you from poison
 l - a +0 plate armour (worn)
 H - a +2 robe of willpower
 J - a +0 pair of gloves (worn)
Jewellery
 g - a +4 ring of protection
 v - an amulet of guardian spirit (around neck)
 Q - a ring of magical power (right hand)
 S - a +6 ring of strength (left hand)
Wands
 y - a wand of flame (16)
 K - a wand of iceblast (10)
Scrolls
 j - 5 scrolls of teleportation
 k - a scroll of vulnerability
 w - a scroll of revelation
 x - 2 scrolls of enchant weapon
 D - a scroll of immolation
 F - a scroll of blinking
 N - a scroll of brand weapon
 O - 2 scrolls of summoning
Potions
 f - a potion of magic
 n - 2 potions of degeneration {unknown}
 o - 2 potions of attraction {unknown}
 q - 9 potions of curing
 s - 2 potions of enlightenment
 z - 2 potions of lignification {unknown}
 A - a potion of mutation {unknown}
 I - 2 potions of berserk rage {unknown}
 M - 2 potions of might {unknown}
 P - 3 potions of haste
 R - a potion of resistance {unknown}


   Skills:
 + Level 4.8 Fighting
 * Level 11.4 Axes
 - Level 2.0 Throwing
 - Level 4.0 Armour
 - Level 3.0 Dodging
 - Level 2.0 Stealth
 - Level 2.0 Evocations


You had 8 spell levels left.
You didn't know any spells.
Your spell library contained the following spells:

 Spells                   Type           Power      Damage    Failure   Level
 Slow                     Hex            0%         N/A       100%        1
 Cigotuvi's Dreadful Rot  Necr/Pois/Air  0%         N/A       100%        2
 Confusing Touch          Hex            0%         N/A       100%        3
 Gell's Gravitas          Tloc           0%         N/A       100%        3
 Sigil of Binding         Hex            0%         N/A       100%        3
 Summon Guardian Golem    Hex/Summ       0%         N/A       100%        3
 Teleport Other           Tloc           0%         N/A       100%        3
 Vampiric Draining        Necr           0%         2d6       100%        3
 Leda's Liquefaction      Hex/Erth       0%         N/A       100%        4
 Dispersal                Tloc           0%         N/A       100%        6
 Orb of Destruction       Conj           0%         9d5       100%        7
 Spellforged Servitor     Conj/Summ      0%         N/A       100%        7
 Shatter                  Erth           0%         3d5*      100%        9


Dungeon Overview and Level Annotations

Branches:
Dungeon (8/15)             Temple (1/1) D:7           Sewer (visited)
   Lair: D:8-11

Altars:
Cheibriados
Dithmenos
Fedhas
Gozag
Hepliaklqana
Makhleb
Nemelex Xobeh
Okawaru
Qazlal
Ru
Sif Muna
Trog
Uskayaw
Vehumet
Wu Jian
Xom
Yredelemnul

Shops:
D:2 !


Innate Abilities, Weirdness & Mutations

You may rarely emit foul miasma when damaged in melee.
You sometimes gain a little power by taking damage.
You are mostly covered in razor-sharp scales. (AC +2, Slay +2)
You have a sharp stinger which inflicts weakening toxins.


Message History

The acid dragon bites you but does no damage.
The acid dragon claws you but does no damage.
The acid dragon is engulfed in dark miasma.
The acid dragon is poisoned.
The acid dragon seems to slow down.
The acid dragon barely misses you. The acid dragon closely misses you.
You hit the acid dragon.
You feel better.
The acid dragon is heavily wounded.
The acid dragon is no longer moving slowly.
A water moccasin comes into view.
The acid dragon is engulfed in dark miasma.
The acid dragon bites you but does no damage.
The acid dragon claws you.
You slash the acid dragon!
The acid dragon seems to speed up.
The acid dragon is almost dead.
The acid dragon bites you. The acid dragon completely misses you.
The acid dragon spits acid at you. The splash of acid hits you!
* * * LOW HITPOINT WARNING * * *
The acid corrodes you! The acid dragon barely misses you.
The acid dragon claws you.
* * * LOW HITPOINT WARNING * * *
The acid dragon closely misses you. The acid dragon claws you.
* * * LOW HITPOINT WARNING * * *
You hear an angry growl.
You feel better. The water moccasin bites you!
* * * LOW HITPOINT WARNING * * *
You are poisoned.
The water moccasin poisons you!
The acid dragon bites you but does no damage.
The acid dragon claws you.
* * * LOW HITPOINT WARNING * * *
The water moccasin bites you.
* * * LOW HITPOINT WARNING * * *
You are more poisoned.
The water moccasin poisons you! The acid dragon misses you.
The acid dragon closely misses you.
You barely miss the acid dragon.
The acid dragon is almost dead.
You barely miss the water moccasin.
You die...

. ..... .. ....
... #..# # ....
..# .#
#..##.#####.###
#............
#.......#.#
#..S.....##
#..@†#.....
###D.......
#<.#+####.
.........#
.........#
.D.......#
.........#
.........#
..........


You could see a water moccasin and an acid dragon (fast, poisoned).

Vanquished Creatures
  Pikel (D:4)
  A shadow (D:7)
  A steam dragon (D:8)
  2 water moccasins
  2 orc warriors (D:7)
  A sky beast (D:7)
  A black bear (D:4)
  2 centaurs
  4 phantoms
  2 bullfrogs (D:7)
  2 kobold brigands
  A gnoll sergeant (D:6)
  4 scorpions
  5 wights (D:8)
  3 howler monkeys (D:8)
  3 hounds
  Crazy Yiuf (D:7)
  2 jellies (D:7)
  5 orc priests
  2 iguanas (D:5)
  7 orc wizards
  Robin (D:2)
  12 gnolls
  A river rat (Sewer)
  8 adders
  2 shadow imps
  A white imp (D:5)
  4 worms
  24 orcs
  12 ball pythons
  3 bats
  6 endoplasms
  4 giant cockroaches
  16 goblins
  7 hobgoblins
  9 jackals
  15 kobolds
  4 quokkas
  2 frilled lizards
  6 rats
189 creatures vanquished.

Vanquished Creatures (others)
  A centaur zombie (D:7)
1 creature vanquished.

Grand Total: 190 creatures vanquished

Notes
Turn   | Place    | Note
-------+----------+-------------------------------------------
     0 | D:1      | IdlyInterested the Demonspawn Gladiator began the quest for
                  | the Orb.
     0 | D:1      | Reached XP level 1. HP: 16/16 MP: 1/1
   308 | D:1      | Reached skill level 3 in Axes
   385 | D:1      | Gained mutation: You are partially covered in razor-sharp
                  | scales. (AC +1, Slay +1) [demonic ancestry]
   385 | D:1      | Reached XP level 2. HP: 22/22 MP: 2/2
   862 | D:2      | Reached skill level 1 in Armour
   917 | D:2      | Found Kesuec's Distillery.
   932 | D:2      | Gained mutation: You have a small tail. [demonic ancestry]
   932 | D:2      | Reached XP level 3. HP: 23/27 MP: 3/3
  1042 | D:2      | Reached skill level 1 in Stealth
  1052 | D:2      | Reached skill level 4 in Axes
  1052 | D:2      | Gained mutation: You are mostly covered in razor-sharp
                  | scales. (AC +2, Slay +2) [demonic ancestry]
  1052 | D:2      | Reached XP level 4. HP: 19/33 MP: 4/4
  1217 | D:2      | Noticed Robin
  1217 | D:2      | You fall into a shaft and drop 2 floors!
  1331 | D:4      | Noticed a scorpion
  1341 | D:4      | Killed a scorpion
  1342 | D:4      | Gained mutation: You have a tail ending in a sharp stinger.
                  | [demonic ancestry]
  1342 | D:4      | Reached XP level 5. HP: 26/38 MP: 5/5
  1400 | D:4      | Found a glowing drain.
  1407 | Sewer    | Entered a sewer
  1519 | Sewer    | Reached skill level 5 in Axes
  1681 | D:3      | Found an iron altar of Okawaru.
  1715 | D:3      | Gained mutation: You have a sharp stinger which inflicts
                  | weakening toxins. [demonic ancestry]
  1715 | D:3      | Reached XP level 6. HP: 41/44 MP: 6/6
  1729 | D:3      | Identified the +6 sling of Jesaavyph {speed, rN+++}
  1749 | D:3      | Got a rare book
  2004 | D:2      | Killed Robin
  2439 | D:3      | Found a faded altar of an unknown god.
  2713 | D:4      | Reached skill level 6 in Axes
  2839 | D:4      | Gained mutation: You may rarely emit foul miasma when
                  | damaged in melee. [demonic ancestry]
  2839 | D:4      | Reached XP level 7. HP: 27/52 MP: 3/7
  3165 | D:4      | Noticed Pikel
  3179 | D:4      | Killed Pikel
  3180 | D:4      | Reached skill level 8 in Axes
  3180 | D:4      | Gained mutation: You sometimes gain a little power by
                  | taking damage. [demonic ancestry]
  3180 | D:4      | Reached XP level 8. HP: 36/58 MP: 5/8
  3562 | D:5      | Entered Level 5 of the Dungeon
  3570 | D:5      | Reached skill level 1 in Evocations
  3860 | D:5      | Found a burning altar of Makhleb.
  3860 | D:5      | Found a sacrificial altar of Ru.
  3865 | D:5      | Found a blossoming altar of Fedhas.
  3867 | D:5      | Found a sparkling altar of Nemelex Xobeh.
  3868 | D:5      | Found a radiant altar of Vehumet.
  4293 | D:2      | Bought a potion of haste for 100 gold pieces
  4293 | D:2      | Bought a potion of magic for 80 gold pieces
  4373 | D:6      | Reached skill level 9 in Axes
  4698 | D:6      | Found an opulent altar of Gozag.
  4782 | D:6      | Reached XP level 9. HP: 54/65 MP: 9/9
  5057 | D:2      | Bought a potion of brilliance for 40 gold pieces
  5218 | D:7      | Identified a scroll of acquirement
  5218 | D:7      | Acquired the +6 executioner's axe "Huerat" {chaos, *Slow
                  | rN+ Dex+3 SInv}
  5240 | D:7      | Found a staircase to the Ecumenical Temple.
  5275 | Temple   | Entered the Ecumenical Temple
  5312 | Temple   | Became a worshipper of Trog the Wrathful
  5350 | D:7      | Reached skill level 10 in Axes
  5356 | D:7      | Identified the +1 ring mail "Liucu" {rPois rC- Str-5 Dex+7}
  5562 | D:7      | Found a runed translucent door.
  5563 | D:7      | Noticed Crazy Yiuf
  5567 | D:7      | Paralysed by Crazy Yiuf for 3 turns
  5570 | D:7      | Killed Crazy Yiuf
  5704 | D:7      | Reached * piety under Trog
  6071 | D:2      | Bought a potion of curing for 30 gold pieces
  6071 | D:2      | Bought a potion of curing for 30 gold pieces
  6204 | D:8      | Reached skill level 11 in Axes
  6326 | D:8      | Succumbed to a water moccasin's poison

Illustrated notes

Levels and vault maps discovered:
D:1:      amcnicky_arrival_flooded_fountain, layout_basic
D:2:      layout_rooms, serial_shops, nicolae_shop_industrial_runoff, uniq_robin
D:3:      layout_rooms, okawaru_gym_becter, ebering_ecumenical_altar_petrified
D:4:      minmay_chambers_of_threes, layout_basic, portal_sewer_entry_e,
          uniq_pikel
D:5:      layout_rooms, chequers_temple_overflow_minitemple,
          nicolae_concentric_dashed_squares_mild
D:6:      layout_rooms, nicolae_gozag_cash_rules_everything_around_me
D:7:      layout_basic, minmay_temple_entry_slanted, uniq_crazy_yiuf_cottage
D:8:      gammafunk_steamed_eel, layout_basic, general_overflow_altar,
          david_lair_generic, grunt_ministairs_5, due_unseen_surprise,
          uniq_jeremiah
Temple:   compressed_dpeg_triangle_lava_temple

Skill      XL: |  1  2  3  4  5  6  7  8  9 |
---------------+----------------------------+-----
Axes           | 3 4 5 6 8 9 11 | 11.4
Armour         | 1 2 3 4 |  4.0
Stealth        | 1 2 |  2.0
Throwing       | 2 |  2.0
Fighting       | 3 4 |  4.8
Evocations     | 1 2 |  2.0
Dodging        | 3 |  3.0

Action                     |  1- 3 |  4- 6 |  7- 9 || total
---------------------------+-------+-------+-------++-------
  Melee: War axe           |    76 |   166 |   133 ||   375
         Tailslap          |     5 |    25 |    26 ||    56
         Punch             |     1 |     3 |     2 ||     6
         Executioner's axe |       |       |    59 ||    59
  Throw: Javelin           |     1 |     1 |       ||     2
    Use: Potion            |     1 |       |     3 ||     4
         Scroll            |       |     5 |     8 ||    13
   Stab: Sleeping          |     3 |       |       ||     3
 Armour: Leather armour    |    47 |    25 |       ||    72
         Scale mail        |       |    75 |       ||    75
         Chain mail        |       |    64 |   192 ||   256
         Plate armour      |       |       |    51 ||    51
  Dodge: Dodged            |    47 |   100 |    84 ||   231

Table legend: (Time is in decaauts)
 A = Elapsed time spent in this place.
 B = Non-inter-level travel time spent in this place.
 C = Inter-level travel time spent in this place.
 D = Time resting spent in this place.
 E = Time spent auto-exploring this place.
 F = Levels seen in this place.
 G = Mean time per level.
                   A        B        C        D        E       F      G
               +--------+--------+--------+--------+--------+-----+--------+
         Total |   6471 |   5088 |   1383 |    441 |   2725 |  10 |  647.1 |
       Dungeon |   6189 |   4822 |   1367 |    411 |   2652 |   8 |  773.6 |
        Temple |     21 |      5 |     16 |      0 |      0 |   1 |   21.0 |
         Sewer |    260 |    260 |      0 |     30 |     73 |   1 |  260.0 |
               +--------+--------+--------+--------+--------+-----+--------+

Top non-repeatable levels by time:
     D:4: 1297 daAuts
     D:1: 1010 daAuts
     D:2: 861 daAuts
     D:7: 831 daAuts
     D:5: 717 daAuts
     D:6: 709 daAuts
     D:3: 666 daAuts
   Sewer: 260 daAuts
     D:8: 93 daAuts
  Temple: 21 daAuts
